 Dungeon Crawl Stone Soup version 0.30.1-4-g462c640d31 (webtiles) character file.

Game seed: 14348768922213314203

3074 hawla the Cleaver (level 10, -7/71 HPs)
             Began as a Meteoran Fire Elementalist on Aug 26, 2023.
             Was a Follower of Vehumet.
             Shot with an arrow by a centaur (11 damage)
             ... on level 8 of the Dungeon on Aug 28, 2023.
             The game lasted 00:15:57 (2487 turns).

hawla the Cleaver (Meteoran Fire Elementalist)      Turns: 2487, Time: 00:15:58

Health: -7/71      AC:  5    Str: 10    XL:     10   Next: 34%
Magic:  1/17       EV: 13    Int: 21    God:    Vehumet [*.....]
Gold:   124        SH:  0    Dex: 17    Spells: 3/17 levels left

rFire   . . .        l - +9 hand axe "Core" {flame, Stlth+}
rCold   . . .        (no shield)
rNeg    . . .        a - +0 robe
rPois   .            k - +2 hat
rElec   .            (no cloak)
rCorr   .            (no gloves)
SInv    .            p - +0 pair of boots
Will    +....        e - amulet of regeneration
Stlth   ++           (no ring)
HPRegen 1.11/turn    (no ring)
MPRegen 0.15/turn

%: no passive effects
@: lethally poisoned (-7 -> -7), glowing
A: sense surroundings 2, otherworldly, glowing, explore regen, thin skeletal
structure 1
a: Renounce Religion


You were on level 8 of the Dungeon.
You worshipped Vehumet.
Vehumet was aware of your devotion.
You visited 2 branches of the dungeon, and saw 9 of its levels.

You collected 328 gold pieces.
You spent 204 gold pieces at shops.

Inventory:

Hand Weapons
 l - the +9 hand axe "Core" (weapon) {flame, Stlth+}
   (You found it on level 5 of the Dungeon)

   Stlth:     It makes you more stealthy.
Armour
 a - a +0 robe (worn)
 k - a +2 hat (worn)
 p - a +0 pair of boots (worn)
Magical Staves
 b - a staff of death
Jewellery
 e - an amulet of regeneration (around neck)
Wands
 o - a wand of roots (5) (quivered)
Scrolls
 d - 2 scrolls of teleportation
 n - 2 scrolls of identify
Potions
 h - a potion of brilliance
 j - a potion of experience {unknown}
 m - a potion of ambrosia {unknown}


   Skills:
 - Level 1.0 Fighting
 - Level 10.2(10.3) Axes
 - Level 2.3(7.5) Maces & Flails
 - Level 3.5 Dodging
 - Level 1.4 Stealth
 - Level 4.3 Spellcasting
 - Level 5.6 Conjurations
 - Level 3.0 Necromancy
 - Level 5.9 Fire Magic
 + Level 6.1 Ice Magic
 - Level 3.0 Evocations


You had 3 spell levels left.
You knew the following spells:

 Your Spells              Type           Power      Damage    Failure   Level
a - Foxfire               Conj/Fire      100%       2x1d9     1%          1
b - Scorch                Fire           58%        2d7       1%          2
c - Flame Wave            Conj/Fire      28%        2d9       11%         4
d - Ozocubu's Refrigerat  Ice            15%        4d10      100%        7

Your spell library contained the following spells:

 Spells                   Type           Power      Damage    Failure   Level
 Shock                    Conj/Air       64%        1d7       3%          1
 Ozocubu's Armour         Ice            30%        N/A       2%          3
 Inner Flame              Hex/Fire       17%        N/A       11%         3
 Volatile Blastmotes      Fire/Tloc      34%        2d12      11%         3


Dungeon Overview and Level Annotations

Branches:
Dungeon (8/15) Zot: 2330   Temple (1/1) D:6 Zot: 587    Lair (0/5) D:8

Altars:
Ashenzari
Dithmenos
Elyvilon
Fedhas
Gozag
Kikubaaqudgha
Makhleb
Nemelex Xobeh
Ru
Sif Muna
Trog
Vehumet
Wu Jian
Xom
Yredelemnul
Zin
The Shining One

Shops:
D:7 *   D:8 =


Innate Abilities, Weirdness & Mutations

You passively map the area around you.
You are easily found by Zot.
You glow in the dark.
You regain HP and MP as you explore.
You have a somewhat thin skeletal structure. (Dex +2, Stealth+)


Message History

The centaur shoots an arrow.
The arrow hits you but does no damage.
The gnoll sergeant completely misses you.
Casting: Flame Wave (dangerous; 11% risk of failure)
Confirm with . or Enter, or press ? or * to list all spells.
Flames lash the gnoll sergeant.
You kill the gnoll sergeant!
Vehumet accepts your kill.
You feel sick.
The bullfrog hits you but does no damage.
The centaur shoots an arrow.
The arrow hits you but does no damage. The bullfrog barely misses you.
Your Ice Magic skill increases to level 6!
Casting: Scorch (safe; 1% risk of failure)
Confirm with . or Enter, or press ? or * to list all spells.
You conjure some foxfire!
You feel sick.
The bullfrog hits you but does no damage.
Casting: Foxfire (safe; 1% risk of failure)
Confirm with . or Enter, or press ? or * to list all spells.
You conjure some foxfire!
You feel sick.
The foxfire hits the bullfrog!
The bullfrog is severely wounded.
The foxfire hits the bullfrog.
The bullfrog is severely wounded.
The bullfrog hits you but does no damage.
The centaur shoots an arrow.
The arrow hits you.
* * * LOW HITPOINT WARNING * * *
The bullfrog hits you but does no damage.
It was a potion of cancellation.
Your magical effects are unravelling.
You feel magically purged.
You feel less wooden.
Your +2 hat unmelds from your body.
Your +0 pair of boots unmelds from your body.
Your +0 robe unmelds from your body.
You feel sick.
The foxfire hits the bullfrog.
The bullfrog is almost dead.
The foxfire hits the bullfrog.
You kill the bullfrog!
Vehumet accepts your kill.
The centaur shoots an arrow.
The arrow hits you!
You die...

#....).#...##..#
#......#...# ..#
, #......'...#
## #..c...#...#
, , #....h.#####
, #........ ,
,,,, #..o.....,
, ,, #.†......
#@†.F....,, , ,
, #........ ,,
#......## ,
#......# *, ,
#......# ,
#......# * * ,
#........
#....#### ,


You could see a bullfrog, a centaur, a howler monkey and an orc wizard.

Vanquished Creatures
  Joseph (D:7)
  A yak (D:8)
  A wyvern (D:7)
  A steam dragon (D:6)
  2 water moccasins
  A sky beast (D:6)
  2 black bears
  A wolf (D:7)
  3 ogres
  A kobold brigand (D:7)
  3 bullfrogs
  2 scorpions
  3 gnoll sergeants
  6 killer bees (D:8)
  3 hounds
  2 jellies
  A gnoll bouda (D:7)
  6 orc wizards
  27 gnolls
  4 adders
  2 shadow imps
  An ufetubus (D:5)
  2 worms (D:4)
  A dart slug (D:5)
  16 orcs
  3 endoplasms
  A giant cockroach (D:3)
  20 goblins
  29 hobgoblins
  3 jackals (D:7)
  8 kobolds
  A quokka (D:2)
  A butterfly (D:6)
159 creatures vanquished.

Vanquished Creatures (others)
  117 foxfires
117 creatures vanquished.

Grand Total: 276 creatures vanquished

Notes
Turn   | Place    | Note
-------+----------+-------------------------------------------
     0 | D:1      | hawla the Meteoran Fire Elementalist began the quest for
                  | the Orb.
     0 | D:1      | Reached XP level 1. HP: 14/14 MP: 5/5
    70 | D:2      | Reached XP level 2. HP: 4/20 MP: 3/6
    81 | D:3      | Reached XP level 3. HP: 14/26 MP: 1/8
    89 | D:3      | Learned a level 2 spell: Scorch
   220 | D:4      | Reached XP level 4. HP: 33/33 MP: 4/9
   230 | D:4      | Reached skill level 5 in Fire Magic
   250 | D:4      | Reached XP level 5. HP: 21/38 MP: 0/11
   289 | D:4      | Learned a level 4 spell: Flame Wave
   488 | D:4      | Reached XP level 6. HP: 43/46 MP: 7/12
   663 | D:5      | Entered Level 5 of the Dungeon
   668 | D:5      | Noticed an ogre
   670 | D:5      | Killed an ogre
   675 | D:5      | Found a burning altar of Makhleb.
   686 | D:5      | Reached skill level 5 in Conjurations
   686 | D:5      | Reached XP level 7. HP: 51/51 MP: 8/13
   761 | D:5      | Found an opulent altar of Gozag.
   802 | D:5      | Identified the +9 hand axe "Core" {flame, Stlth+}
  1008 | D:5      | Reached skill level 1 in Axes
  1191 | D:5      | Reached skill level 2 in Axes
  1284 | D:5      | Reached skill level 3 in Axes
  1369 | D:5      | Reached skill level 4 in Axes
  1369 | D:5      | Reached XP level 8. HP: 58/58 MP: 11/14
  1597 | D:6      | Found a staircase to the Ecumenical Temple.
  1605 | D:6      | Reached skill level 5 in Axes
  1630 | D:6      | Noticed a steam dragon
  1635 | D:6      | Killed a steam dragon
  1636 | D:6      | Reached skill level 6 in Axes
  1683 | D:6      | Reached skill level 7 in Axes
  1717 | Temple   | Entered the Ecumenical Temple
  1723 | Temple   | Became a worshipper of Vehumet
  1777 | D:7      | Noticed a wyvern
  1785 | D:7      | Killed a wyvern
  1786 | D:7      | Reached skill level 8 in Axes
  1786 | D:7      | Gained mutation: You passively map the area around you.
                  | [Meteoran growth]
  1786 | D:7      | Reached XP level 9. HP: 45/63 MP: 0/15
  1802 | D:7      | Reached skill level 9 in Axes
  1928 | D:7      | Reached skill level 1 in Necromancy
  1928 | D:7      | Reached skill level 1 in Evocations
  1980 | D:7      | Found Edyrom's Assorted Antiques.
  1986 | D:7      | Bought a fizzy red potion for 20 gold pieces
  1986 | D:7      | Bought a potion of heal wounds for 115 gold pieces
  1986 | D:7      | Bought a scroll of teleportation for 69 gold pieces
  2000 | D:7      | Noticed Joseph
  2013 | D:7      | Killed Joseph
  2026 | D:7      | Reached skill level 10 in Axes
  2039 | D:7      | Reached * piety under Vehumet
  2039 | D:7      | Offered knowledge of Shock by Vehumet.
  2187 | D:7      | Reached skill level 1 in Fighting
  2328 | D:7      | Learned a level 7 spell: Ozocubu's Refrigeration
  2414 | D:8      | Found Bouthrio's Jewellery Shoppe.
  2433 | D:8      | Reached skill level 1 in Ice Magic
  2433 | D:8      | Reached XP level 10. HP: 71/71 MP: 9/17
  2437 | D:8      | Found a staircase to the Lair.
  2480 | D:8      | Reached skill level 5 in Ice Magic
  2482 | D:8      | Gained mutation: You have a somewhat thin skeletal
                  | structure. (Dex +2, Stealth+) [potion of mutation]
  2487 | D:8      | Shot with an arrow by a centaur

Illustrated notes

Levels and vault maps discovered:
D:1:      psy_arrival_spokes, layout_loops_corners, serial_shops,
          nicolae_shop_back_alley_shop, grunt_decor_one_mirror
D:2:      minmay_wonky_spiral, layout_basic
D:3:      layout_basic, chequers_temple_overflow_statue_of_worship,
          serial_bayou_pond_d
D:4:      layout_rooms, solitary_fountain
D:5:      minmay_goblin_kobold_castle, layout_basic,
          mainiacjoe_overflow_catwalk_spiral, serial_bayou_pond_a,
          ebering_dispersal_statue_hall, moated_statue
D:6:      layout_cave_pods, minmay_temple_entry_butterflies
D:7:      layout_cave_pools, serial_gnoll_camp, gnoll_camp_mini_doghouse,
          gnoll_camp_mini_hut, gnoll_camp_mini_shop, gnoll_camp_medium_01,
          grunt_ministairs_12, uniq_joseph
D:8:      layout_gridville, nicolae_uskayaw_en_pointe,
          due_lair_maze_entry_diamond, serial_shops, shop, st_stairs_1
Temple:   nicolae_temple_no_exploring_needed

Skill      XL: |  1  2  3  4  5  6  7  8  9 10 |
---------------+-------------------------------+-----
Fire Magic     | 4 5 |  5.9
Spellcasting   | 3 4 |  4.3
Dodging        | 3 |  3.5
Conjurations   | 3 5 |  5.6
Maces & Flails | 2 |  2.3
Axes           | 4 8 10 | 10.2
Necromancy     | 3 |  3.0
Evocations     | 3 |  3.0
Fighting       | 1 |  1.0
Ice Magic      | 1 6 |  6.1
Stealth        | |  1.4

Action                     |  1- 3 |  4- 6 |  7- 9 | 10-12 || total
---------------------------+-------+-------+-------+-------++-------
  Melee: Unarmed           |     9 |     9 |       |       ||    18
         Whip              |       |     2 |       |       ||     2
         Hand axe          |       |       |    69 |     5 ||    74
         Punch             |       |       |     1 |       ||     1
         Staff             |       |       |     4 |       ||     4
   Cast: Foxfire           |    23 |    17 |    23 |     6 ||    69
         Scorch            |     3 |     9 |    29 |     4 ||    45
         Flame Wave        |       |       |    16 |     4 ||    20
    Use: Potion            |     1 |     1 |     3 |     4 ||     9
         Scroll            |       |     3 |     3 |     2 ||     8
   Stab: Sleeping          |       |       |     1 |       ||     1
 Armour: Robe              |     6 |     3 |    37 |     9 ||    55
         Skin              |       |       |       |     7 ||     7
  Dodge: Dodged            |    16 |    20 |    80 |    30 ||   146
